 Dungeon Crawl Stone Soup version 0.27-a0-650-g8dd3ea4f36 (webtiles) character file.

Game seed: 4078839551339281861

186804 jasper the Markself (level 17, -1/102 HPs)
             Began as a Deep Elf Arcane Marksman on Mar 15, 2021.
             Was a High Priest of Cheibriados.
             Killed from afar by a nagaraja (15 damage)
             ... with a lance of force
             ... on level 4 of the Snake Pit.
             The game lasted 01:27:35 (43752 turns).

jasper the Markself (Deep Elf Arcane Marksman)     Turns: 43752, Time: 01:27:35

Health: -1/102     AC: 21    Str: 20    XL:     17   Next: 43%
Magic:  4/29       EV: 22    Int: 38    God:    Cheibriados [*****.]
Gold:   1057       SH:  5    Dex: 30    Spells: 1/30 levels left

rFire    + + +     SeeInvis .   F - +6 longbow (freeze)
rCold    . . .     Faith    .   (shield currently unavailable)
rNeg     . . .     Spirit   .   i - +6 acid dragon scales
rPois    +         Reflect  +   C - +0 helmet
rElec    +         Harm     .   (no cloak)
rCorr    +         Rampage  .   r - +2 pair of gloves {Dex+3}
Will     ++++.                  (no boots)
Stlth    ++........             y - amulet "Anargh" {Reflect rElec rPois rF+++ Str-5 SH+5}
HPRegen  0.27/turn              n - +4 ring of slaying
MPRegen  0.21/turn              c - ring "Guoczai" {*Corrode Will+++ AC+4 Str+6}

@: about to teleport, constricted, very slow
A: no striking features
}: 1/15 runes: serpentine
a: Renounce Religion, Bend Time, Temporal Distortion, Slouch, Step From Time


You were on level 4 of the Snake Pit.
You worshipped Cheibriados.
Cheibriados was extremely pleased with you.
You visited 5 branches of the dungeon, and saw 28 of its levels.
You also visited: Trove.

You collected 3057 gold pieces.
You spent 2000 gold pieces at shops.

Inventory:

Hand Weapons
 F - a +6 longbow of freezing (weapon)
 L - a +0 dagger of electrocution
Missiles
 d - 347 arrows (quivered ammo)
 u - 91 poisoned darts
 z - 4 silver boomerangs
 Y - 6 javelins
Armour
 i - +6 acid dragon scales (worn)
 r - a +2 pair of gloves of dexterity (worn)
 C - a +0 helmet (worn)
 J - the +3 ring mail "Lafrucw" {Int+3}
   (You bought it in a shop on level 4 of the Dungeon)

   It affects your intelligence (+3).
Jewellery
 c - the ring "Guoczai" (left hand) {*Corrode Will+++ AC+4 Str+6}
   (You found it in a treasure trove)

   [ring of protection]

   It affects your AC (+4).
   It affects your strength (+6).
   It affects your willpower, your defense against some magical effects.
   It may corrode you when you take damage.
 f - a ring of fire
 j - a ring of resist corrosion
 n - a +4 ring of slaying (right hand)
 p - a ring of positive energy
 y - the amulet "Anargh" (around neck) {Reflect rElec rPois rF+++ Str-5 SH+5}
   (You found it in a treasure trove)

   [amulet of reflection]

   It shields you and reflects attacks.
   It affects your strength (-5).
   It renders you almost immune to fire.
   It insulates you from electricity.
   It protects you from poison.
   It affects your SH (+5).
 D - the ring "Lator" {AC+4 Int+4}
   (You found it in a treasure trove)

   [ring of protection]

   It affects your AC (+4).
   It affects your intelligence (+4).
 K - the ring "Juatar" {Dex+6 Slay+2}
   (You found it in a treasure trove)

   [ring of dexterity]

   It affects your dexterity (+6).
   It affects your accuracy and damage with ranged weapons and melee attacks
   (+2).
 P - a ring of willpower
 S - a +4 ring of evasion
 V - an amulet of faith
 X - an amulet of magic regeneration
Wands
 s - a wand of digging (7)
 x - a wand of flame (31)
 O - a wand of polymorph (11)
 R - a wand of acid (11)
 T - a wand of mindburst (26)
 U - a wand of paralysis (22)
Scrolls
 a - 3 scrolls of summoning
 e - a scroll of immolation
 m - 3 scrolls of teleportation
 v - a scroll of holy word
 B - 3 scrolls of magic mapping
 H - 10 scrolls of identify
 I - 8 scrolls of amnesia
 N - 4 scrolls of fear
 Q - a scroll of enchant armour
 W - 2 scrolls of torment
 Z - 2 scrolls of fog
Potions
 b - 3 potions of mutation
 g - 2 potions of magic
 k - 2 potions of invisibility
 l - 3 potions of haste
 o - a potion of brilliance
 q - 7 potions of might
 t - 10 potions of curing
 w - 3 potions of attraction
 A - 4 potions of cancellation
 E - 8 potions of lignification
 G - 3 potions of flight
 M - 4 potions of ambrosia


   Skills:
 - Level 10.2 Fighting
 - Level 20.0 Bows
 - Level 4.0 Armour
 - Level 12.3 Dodging
 - Level 7.0 Spellcasting
 - Level 8.0 Hexes
 - Level 3.0 Translocations
 - Level 6.0 Transmutations
 * Level 17.8 Fire Magic
 - Level 12.0 Invocations


You had one spell level left.
You knew the following spells:

 Your Spells              Type           Power      Damage    Failure   Level
a - Cause Fear            Hex            32%        N/A       1%          4
b - Slow                  Hex            65%        N/A       1%          2
c - Inner Flame           Hex/Fire       84%        N/A       1%          3
d - Portal Projectile     Hex/Tloc       100%       N/A       1%          3
e - Yara's Violent Unrav  Hex/Tmut       30%        3d13      5%          5
f - Apportation           Tloc           72%        N/A       1%          1
g - Ignition              Fire           49%        3d14      16%         8
h - Lesser Beckoning      Tloc           18%        N/A       3%          3

Your spell library contained the following spells:

 Spells                   Type           Power      Damage    Failure   Level
 Corona                   Hex            72%        N/A       1%          1
 Confusing Touch          Hex            65%        N/A       1%          3
 Tukima's Dance           Hex            65%        N/A       1%          3
 Gell's Gravitas          Tloc           18%        N/A       3%          3
 Corpse Rot               Necr/Air       N/A        N/A       5%          2
 Leda's Liquefaction      Hex/Erth       21%        N/A       7%          4
 Petrify                  Tmut/Erth      36%        N/A       10%         4
 Static Discharge         Conj/Air       13%        N/A       11%         3
 Stone Arrow              Conj/Erth      26%        3d8       11%         3
 Metabolic Englaciation   Hex/Ice        21%        N/A       19%         5
 Silence                  Hex/Air        21%        N/A       19%         5
 Invisibility             Hex            65%        N/A       21%         6
 Alistair's Intoxication  Tmut/Pois      24%        N/A       28%         5
 Hydra Form               Tmut           28%        N/A       41%         6
 Summon Forest            Summ/Tloc      12%        N/A       45%         5
 Lightning Bolt           Conj/Air       6%         1d18      67%         5
 Eringya's Noxious Bog    Tmut/Pois      18%        N/A       83%         6
 Summon Hydra             Summ           6%         N/A       100%        7
 Discord                  Hex            32%        N/A       100%        8
 Shatter                  Erth           6%         3d9*      100%        9
 Tornado                  Air            6%         N/A       100%        9


Dungeon Overview and Level Annotations

Branches:
Dungeon (15/15)            Temple (1/1) D:7            Lair (6/6) D:9
 Shoals (0/4) Lair:4        Snake (4/4) Lair:4        Slime (0/5) Lair:6
    Orc (2/2) D:11            Elf (0/3) Orc:2        Vaults (0/5) D:14
 Depths (0/5) D:15

Altars:
Ashenzari
Cheibriados
Elyvilon
Fedhas
Gozag
Kikubaaqudgha
Makhleb
Nemelex Xobeh
Qazlal
Ru
Sif Muna
Trog
Uskayaw
Vehumet
Wu Jian
Xom
Yredelemnul
Zin
Beogh
Jiyva

Shops:
D:4 [   D:12 (   Orc:1 *   Orc:2 =((![*:*=   Snake:2 =   Snake:3 =

Portals:
Pandemonium: Orc:2

Annotations:
D:6 exclusion: door
Lair:2 3 runed translucent doors, Fan Mut's ghost, journeyman GnFi
Snake:4 Saint Roka


Message History

The naga ritualist hits you with a +2 scimitar of venom!
* * * LOW HITPOINT WARNING * * *
The naga ritualist closely misses you.
The naga hits you from afar with a +0 trident!
* * * LOW HITPOINT WARNING * * *
The nagaraja spits poison at you. The splash of poison hits you.
You are poisoned.
You resist.
* * * LOW HITPOINT WARNING * * *
You take 20 damage, and have 18/102 hp.
Unknown command.
Unknown command.
You feel better.
* * * LOW HITPOINT WARNING * * *
You are poisoned.
The naga ritualist's toxic aura wanes.
The naga ritualist spits poison at you. The splash of poison hits you.
You resist.
* * * LOW HITPOINT WARNING * * *
The naga warrior spits poison at you.
The splash of poison hits you but does no damage.
You resist. The naga misses you.
The nagaraja gestures at you while chanting.
The bolt of poison hits you! You resist.
* * * LOW HITPOINT WARNING * * *
You take 1 damage, and have 17/102 hp.
Unknown command.
You feel better.
The naga warrior hits you with a +0 long sword.
* * * LOW HITPOINT WARNING * * *
The naga warrior grabs you.
* * * LOW HITPOINT WARNING * * *
The naga warrior constricts you.
The naga ritualist hits you with a +2 scimitar of venom.
* * * LOW HITPOINT WARNING * * *
The naga misses you.
The nagaraja points at you and mumbles some strange words.
The lance of force hits you!
You die...

## #.# ##
##..# ##..
##...#
##...##....#
#..........#
.....NN....#
#NNN.#
##@..# ##..#
#.# ## . .


You could see a naga warrior (catching breath), a nagaraja (catching breath), a
naga ritualist (catching breath) and 2 nagas.

Vanquished Creatures
  Bai Suzhen (Snake:3)
  Gastronok (Orc:1)
  A storm dragon (D:12)
  3 nagarajas
  An orc warlord (Orc:1)
  Aizul (Snake:2)
  2 ettins
  A fire dragon (Lair:6)
  Fannar (Orc:1)
  4 boulder beetles
  7 naga warriors
  4 hydras
  2 vault guards
  3 centaur warriors
  2 ogre magi (D:15)
  2 catoblepae
  10 anacondas
  11 two-headed ogres
  3 death yaks (Lair:5)
  11 naga sharpshooters
  7 orc high priests (Orc:2)
  A tengu warrior (D:15)
  9 shock serpents
  Nergalle (D:12)
  3 salamander mystics
  A sun demon (Orc:1)
  4 skeletal warriors (D:12)
  4 unseen horrors
  8 naga ritualists
  An infernal demonspawn (Orc:2)
  2 torturous demonspawn (Orc:2)
  A deep elf archer (D:15)
  A gelid demonspawn (Orc:2)
  4 orc knights
  6 lindwurms
  2 wizards
  5 ugly things (D:15)
  A manticore (D:12)
  10 mana vipers
  2 guardian serpents (Snake:2)
  6 orc sorcerers
  5 cyclopes
  10 salamanders
  11 elephants (Lair:5)
  42 black mambas
  25 naga magi
  An orange demon (Orc:2)
  5 torpor snails (Lair:6)
  12 cane toads
  A yaktaur (D:14)
  2 tengu conjurers (D:14)
  A kobold demonologist (D:14)
  5 rime drakes
  6 komodo dragons
  3 ice devils
  5 trolls
  6 hornets (Lair:6)
  A wolf spider simulacrum (D:14)
  8 blink frogs
  3 tyrant leeches (Lair:6)
  6 dream sheep (Lair:5)
  A shadow (D:11)
  A spriggan (D:14)
  2 wraiths
  3 wyverns
  30 yaks
  4 basilisks
  21 humans (D:14)
  A chaos spawn (Orc:2)
  2 neqoxecs (Orc:2)
  A golden eye (D:13)
  3 vampire mosquitoes (D:15)
  3 wargs
  58 nagas
  4 acid dragons
  A two-headed ogre zombie (D:11)
  A soldier ant (D:14)
  16 water moccasins
  A hornet zombie (D:14)
  2 black bears
  2 ice beasts
  40 orc warriors
  2 sky beasts
  A necrophage (D:9)
  15 ogres
  27 wolves
  8 centaurs
  4 phantoms
  25 bullfrogs
  A kobold brigand (D:10)
  A gnoll sergeant (D:10)
  A wyvern zombie (D:15)
  2 wyvern skeletons
  6 scorpions
  9 killer bees
  A water moccasin skeleton (D:7)
  27 wights
  2 vampire bats (D:6)
  8 electric eels
  7 howler monkeys
  2 lava snakes (Snake:1)
  3 bullfrog zombies
  22 orc priests
  5 hounds
  A jelly (D:13)
  2 bullfrog skeletons
  7 centaur skeletons
  An iguana (D:9)
  22 orc wizards
  12 worker ants
  7 ogre zombies (D:11)
  A hound zombie (D:7)
  A hound skeleton (D:6)
  2 howler monkey zombies
  A worker ant zombie (D:7)
  20 adders
  4 gnolls (D:10)
  3 shadow imps
  2 white imps (D:5)
  4 ufetubi
  An ooze (D:1)
  2 adder zombies
  2 adder skeletons (D:4)
  8 worms
  A dart slug (D:5)
  5 leopard geckos
  78 orcs
  5 giant cockroaches
  8 goblins
  10 hobgoblins
  10 jackals
  6 quokkas
  A ball python (D:3)
  16 bats
  3 frilled lizards
  2 goblin skeletons (D:11)
  6 hobgoblin zombies (D:11)
  10 kobolds
  A leopard gecko skeleton (D:5)
  3 orc skeletons (D:11)
  14 orc zombies (D:11)
  10 rats
976 creatures vanquished.

Vanquished Creatures (others)
  A necromancer (D:14)
  2 ogres (D:15)
  27 fungi
  40 plants
70 creatures vanquished.

Grand Total: 1046 creatures vanquished

Notes
Turn   | Place    | Note
-------+----------+-------------------------------------------
     0 | D:1      | jasper the Deep Elf Arcane Marksman began the quest for the
                  | Orb.
     0 | D:1      | Reached XP level 1. HP: 11/11 MP: 5/5
    25 | D:1      | Reached skill level 3 in Bows
    60 | D:1      | Reached XP level 2. HP: 16/16 MP: 6/6
    63 | D:1      | Learned a level 2 spell: Slow
   197 | D:1      | Reached skill level 4 in Bows
   682 | D:1      | Reached XP level 3. HP: 13/20 MP: 7/7
  1475 | D:2      | Reached skill level 5 in Bows
  2173 | D:2      | Found a sacrificial altar of Ru.
  3465 | D:3      | Noticed a bullfrog
  3474 | D:2      | Killed a bullfrog
  3475 | D:2      | Reached skill level 6 in Bows
  3475 | D:2      | Reached XP level 4. HP: 18/24 MP: 8/8
  3485 | D:2      | Learned a level 3 spell: Inner Flame
  3796 | D:3      | Reached skill level 7 in Bows
  3796 | D:3      | Reached XP level 5. HP: 28/28 MP: 9/9
  4196 | D:3      | Reached skill level 8 in Bows
  4208 | D:3      | Found a radiant altar of Vehumet.
  4218 | D:3      | Found a hide-covered altar of Uskayaw.
  4324 | D:3      | Found a broken altar of Ashenzari.
  4769 | D:4      | Reached XP level 6. HP: 33/33 MP: 10/10
  4912 | D:4      | Reached skill level 1 in Fire Magic
  5205 | D:4      | Reached XP level 7. HP: 37/37 MP: 11/11
  5319 | D:4      | Found Gotios's Antique Armour Shoppe.
  5651 | D:4      | Learned a level 4 spell: Cause Fear
  5687 | D:5      | Entered Level 5 of the Dungeon
  5697 | D:5      | Reached skill level 5 in Dodging
  5835 | D:5      | Reached skill level 5 in Hexes
  5982 | D:5      | Reached XP level 8. HP: 42/42 MP: 12/12
  6019 | D:5      | Found an ornate altar of the Wu Jian Council.
  6524 | D:6      | Found a white marble altar of Elyvilon.
  6864 | D:4      | Bought a spiked ring mail for 216 gold pieces
  6864 | D:4      | Identified the +3 ring mail "Lafrucw" {Int+3} (You bought
                  | it in a shop on level 4 of the Dungeon)
  6928 | D:6      | Found a burning altar of Makhleb.
  7036 | D:6      | Found a shimmering blue altar of Sif Muna.
  7215 | D:6      | Found a basalt altar of Yredelemnul.
  8033 | D:7      | Reached XP level 9. HP: 40/42 MP: 13/13
  8120 | D:7      | Reached skill level 10 in Dodging
  8153 | D:6      | Reached skill level 1 in Fighting
  8250 | D:7      | Reached skill level 1 in Armour
  8688 | D:7      | Noticed a two-headed ogre
  8756 | D:7      | Killed a two-headed ogre
  8856 | D:7      | Found a staircase to the Ecumenical Temple.
  8876 | Temple   | Entered the Ecumenical Temple
  8907 | Temple   | Became a worshipper of Cheibriados the Contemplative
  9898 | D:8      | Found an ancient bone altar of Kikubaaqudgha.
  9930 | D:8      | Reached skill level 1 in Invocations
  9930 | D:8      | Reached XP level 10. HP: 58/58 MP: 14/14
 10213 | D:8      | Identified the +5 hunting sling of Power {venom, Int+3}
 10313 | D:9      | Found a staircase to the Lair.
 10432 | D:9      | Reached skill level 5 in Fighting
 10462 | D:9      | Reached * piety under Cheibriados
 10501 | D:9      | Reached skill level 9 in Bows
 10577 | D:9      | Learned a level 3 spell: Portal Projectile
 10670 | D:9      | Found a bloodstained altar of Trog.
 11078 | D:10     | Entered Level 10 of the Dungeon
 11160 | D:10     | Reached skill level 1 in Translocations
 11256 | D:10     | Reached ** piety under Cheibriados
 11786 | D:10     | Reached skill level 10 in Bows
 12280 | D:11     | Reached *** piety under Cheibriados
 12348 | D:11     | Noticed a boulder beetle
 12697 | Lair:1   | Entered Level 1 of the Lair of Beasts
 12777 | Lair:1   | Found a frozen archway.
 12785 | Lair:1   | HP: 1/56 [ice devil (21)]
 12878 | Lair:1   | You fall into a shaft and drop 1 floor!
 12919 | Lair:2   | Noticed a cane toad
 12934 | Lair:2   | Killed a cane toad
 12946 | Lair:2   | Noticed a cane toad
 13172 | Lair:2   | Identified a scroll of acquirement
 13172 | Lair:2   | Acquired a +3 longbow of freezing
 13195 | Lair:2   | Killed a cane toad
 13285 | Lair:2   | Noticed a black mamba
 13290 | Lair:2   | Killed a black mamba
 13291 | Lair:2   | Reached skill level 11 in Bows
 13414 | Lair:2   | Noticed a black mamba
 13415 | Lair:2   | Noticed a cane toad
 13425 | Lair:2   | Killed a black mamba
 13426 | Lair:2   | Killed a cane toad
 13546 | Lair:2   | Reached XP level 11. HP: 64/64 MP: 16/16
 13550 | Lair:2   | Found a runed translucent gate.
 13551 | Lair:2   | Found a runed translucent gate.
 13552 | Lair:2   | Found a runed translucent gate.
 13566 | Lair:2   | Noticed Fan Mut's ghost (journeyman GnFi)
 13582 | Lair:2   | Reached **** piety under Cheibriados
 13972 | Lair:2   | Reached skill level 12 in Bows
 13972 | Lair:2   | Reached skill level 5 in Invocations
 14385 | Lair:3   | Noticed a six-headed hydra
 14536 | Lair:3   | Noticed a catoblepas
 14570 | Lair:2   | Killed a catoblepas
 14721 | Lair:3   | Killed a six-headed hydra
 14722 | Lair:3   | Reached skill level 13 in Bows
 15543 | Lair:4   | Noticed a boulder beetle
 15620 | Lair:4   | Killed a boulder beetle
 15638 | Lair:4   | Found a staircase to the Snake Pit.
 15680 | Lair:4   | Noticed a five-headed hydra
 15688 | Lair:4   | Killed a five-headed hydra
 15689 | Lair:4   | Reached skill level 14 in Bows
 15754 | Lair:4   | Reached XP level 12. HP: 72/72 MP: 19/19
 15879 | Lair:4   | Reached ***** piety under Cheibriados
 16046 | Lair:4   | Found a staircase to the Shoals.
 16696 | Lair:5   | Reached skill level 15 in Bows
 16856 | Lair:5   | Noticed a death yak
 16857 | Lair:5   | Noticed a death yak
 16859 | Lair:5   | Noticed a death yak
 16873 | Lair:5   | Killed a death yak
 16876 | Lair:5   | Killed a death yak
 16880 | Lair:5   | Killed a death yak
 17015 | Lair:5   | Reached skill level 16 in Bows
 17161 | Lair:5   | Reached skill level 10 in Invocations
 17282 | Lair:5   | Reached XP level 13. HP: 79/79 MP: 22/22
 18038 | D:11     | Reached ****** piety under Cheibriados
 18068 | D:11     | Found a staircase to the Orcish Mines.
 18460 | D:11     | Identified the +2 flail of Hutim {freeze, *Slow Int+4
                  | Stlth+}
 19137 | Orc:1    | Entered Level 1 of the Orcish Mines
 19155 | Orc:1    | Noticed an orc warlord
 19163 | Orc:1    | Killed an orc warlord
 19259 | Orc:1    | Found Tostit's Assorted Antiques.
 19270 | Orc:1    | Bought a potion of curing for 54 gold pieces
 19270 | Orc:1    | Noticed Fannar
 19283 | Orc:1    | Killed Fannar
 19726 | Orc:2    | Entered Level 2 of the Orcish Mines
 20183 | Orc:2    | Learned a level 5 spell: Yara's Violent Unravelling
 20519 | Orc:2    | Noticed an ettin
 20554 | Orc:1    | Killed an ettin
 20614 | Orc:2    | Reached skill level 1 in Transmutations
 21387 | Orc:2    | Found Heunong's Weapon Boutique.
 21401 | Orc:2    | Found Gemuisi's Antique Weapon Shoppe.
 21406 | Orc:2    | Bought 23 arrows for 64 gold pieces
 21496 | Orc:2    | Found Ytett's Jewellery Shop.
 21554 | Orc:2    | Found Ithrir's General Store.
 21580 | Orc:2    | Found Awus's General Store.
 21857 | Orc:2    | Reached skill level 17 in Bows
 22002 | Orc:2    | Bought a book of the Tempests for 840 gold pieces
 22005 | Orc:2    | Bought a potion of heal wounds for 50 gold pieces
 22005 | Orc:2    | Bought 14 arrows for 28 gold pieces
 22083 | Orc:2    | Reached XP level 14. HP: 86/86 MP: 17/25
 22284 | Orc:2    | Found Micol's Antique Armour Shoppe.
 22284 | Orc:2    | Found Vepe's Book Emporium.
 22285 | Orc:2    | Found a one-way gate leading to the halls of Pandemonium.
 22287 | Orc:2    | Bought a pair of embroidered gloves for 210 gold pieces
 22377 | Orc:2    | Found Mezille's Jewellery Emporium.
 22523 | Orc:2    | Found a staircase to the Elven Halls.
 22591 | Orc:2    | Found Wosouxzi's Distillery.
 22599 | Orc:2    | Bought a potion of curing for 39 gold pieces
 22599 | Orc:2    | Bought a potion of curing for 39 gold pieces
 23236 | Orc:1    | Noticed Gastronok
 23246 | Orc:1    | Killed Gastronok
 23617 | Lair:1   | Reached skill level 18 in Bows
 24293 | Lair:6   | Entered Level 6 of the Lair of Beasts
 24327 | Lair:6   | Found a staircase to the Slime Pits.
 24327 | Lair:6   | Found a viscous altar of Jiyva.
 25257 | Lair:6   | Found a runed translucent door.
 25451 | Lair:6   | Reached skill level 5 in Transmutations
 25684 | Lair:6   | Paralysed by a hornet for 1 turns
 25695 | Lair:6   | Reached skill level 10 in Fighting
 25702 | Lair:6   | Paralysed by a hornet for 2 turns
 26382 | D:12     | Found a portal to a secret trove of treasure.
 26425 | D:12     | Noticed a storm dragon
 26471 | Trove    | Entered a treasure trove
 26481 | Trove    | Identified the amulet "Anargh" {Reflect rElec rPois rF+++
                  | Str-5 SH+5}
 26484 | Trove    | Identified the ring "Lator" {AC+4 Int+4}
 26486 | Trove    | Identified the ring "Juatar" {Dex+6 Slay+2}
 26490 | Trove    | Identified the ring "Guoczai" {*Corrode Will+++ AC+4 Str+6}
 26491 | Trove    | Identified the amulet of Ysoutaecs {Reflect *Slow rElec
                  | Str+4 SH+5}
 26685 | D:12     | Reached skill level 19 in Bows
 26863 | D:12     | Noticed Nergalle
 27321 | D:12     | Found Ciroateh's Antique Weapon Shop.
 27749 | D:13     | Reached XP level 15. HP: 71/92 MP: 26/26
 29119 | D:14     | Reached skill level 20 in Bows
 29120 | D:14     | Found a sacrificial altar of Ru.
 29209 | D:12     | Killed Nergalle
 29263 | D:12     | Learned a level 1 spell: Apportation
 29417 | Orc:2    | Bought a pair of glowing gloves for 210 gold pieces
 29633 | D:12     | Killed a storm dragon
 30107 | D:12     | Reached skill level 5 in Fire Magic
 30939 | D:14     | Found a gate to the Vaults.
 30964 | D:14     | Reached skill level 5 in Spellcasting
 31914 | D:15     | Entered Level 15 of the Dungeon
 32341 | D:15     | Learned a level 8 spell: Ignition
 32376 | D:15     | Found a staircase to the Depths.
 33346 | Snake:1  | Entered Level 1 of the Snake Pit
 33382 | Snake:1  | Reached skill level 10 in Fire Magic
 33643 | Snake:1  | Reached XP level 16. HP: 56/97 MP: 28/28
 33832 | Snake:1  | Learned a level 3 spell: Lesser Beckoning
 35823 | Snake:2  | Found Ulobliho's Jewellery Boutique.
 36244 | Snake:2  | Noticed Aizul
 36258 | Snake:2  | Killed Aizul
 37276 | Snake:2  | Reached skill level 15 in Fire Magic
 38077 | Snake:3  | Found Fairen's Jewellery Shop.
 38095 | Snake:3  | Bought a ring of fire for 250 gold pieces
 38644 | Snake:3  | Identified the +0 pair of gloves of Perfidy {+Fly rF+
                  | Str-5}
 38743 | Snake:3  | Found a sacrificial altar of Ru.
 39023 | Snake:3  | Reached XP level 17. HP: 102/102 MP: 29/29
 39582 | Snake:4  | Entered Level 4 of the Snake Pit
 39582 | Snake:4  | Noticed Bai Suzhen
 39603 | Snake:3  | Killed Bai Suzhen
 43719 | Snake:4  | Noticed Saint Roka
 43748 | Snake:4  | Got a serpentine rune of Zot
 43752 | Snake:4  | Killed from afar by a nagaraja

Illustrated notes

Levels and vault maps discovered:
D:1:      minmay_arrival_radiant_lines, layout_loops_ring,
          kennysheep_decorative_pillar, roderic_serpentine_path
D:2:      layout_basic, nicolae_ru_sacrificial_ziggurat, serial_forest,
          infiniplex_forest_lined_2, infiniplex_forest_end_3,
          infiniplex_forest_clump_medium, infiniplex_forest_end_1,
          infiniplex_forest_clump_large, infiniplex_forest_clump_diagonal,
          infiniplex_forest_end_3
D:3:      layout_loops_corners, lemuel_coloured_pillars_altar,
          grunt_temple_overflow_open
D:4:      minmay_opposing_rooms, layout_loops_cross, serial_shops, shop,
          gup_sewer_entry_bowl
D:5:      layout_cave_pools, kennysheep_little_box
D:6:      layout_loops_ring, general_overflow_altar, led_sif_book,
          lemuel_crystal_altar, basic_altar, roderic_batcave
D:7:      layout_basic, minmay_temple_entry_glassed_door
D:8:      layout_loops_cross, kiku_gazebo_pond_becter
D:9:      layout_cave_pools, kennysheep_mini_moat, lair_entry_dummy
D:10:     layout_loops_corners
D:11:     layout_basic, zombieorc2_lemuel, minivault_25_ag
D:12:     layout_gridville, enter_trove_5, serial_shops,
          nicolae_shop_behind_doors, hangedman_glass_teeth,
          minmay_checkered_concentric_circles, uniq_nergalle
D:13:     layout_basic, minmay_lindwurm_lava
D:14:     layout_roguey, grunt_vaults_entry_tiered, basic_altar, the_bakery
D:15:     hangedman_depths_entry_civil_slaughter, layout_gridville,
          chequers_serial_rivers_micro_b, lemuel_old_faithful
Temple:   nicolae_temple_hex_pool
Lair:1:   beast_lair_carwin_large_2, layout_chaotic_city,
          portal_ice_cave_demonic_guard, columned_hall_lemuel,
          serial_bayou_shore_a
Lair:2:   layout_cave_pods, gammafunk_ghost_necromancy, serial_rivers,
          chequers_serial_rivers_large_b, chequers_serial_rivers_micro_c,
          chequers_serial_rivers_micro_b, chequers_serial_rivers_micro_b,
          infiniplex_staircase_pool, lemuel_fruit_fields
Lair:3:   layout_gridlike, serial_bayou_shore_b
Lair:4:   layout_gridlike, minmay_shoals_entry_centaurs, dummy_snake_entry
Lair:5:   layout_loops_ring
Lair:6:   wormcave, layout_gridlike, slime_altar_1,
          chequers_serial_rivers_large_a, grunt_forest_stairs_basic,
          st_stairs_6, chequers_serial_rivers_micro_b, minivault_26
Snake:1:  layout_layer_cave, nicolae_snake_lava_pool, grunt_megastairs_5
Snake:2:  layout_honeycomb, serial_shops, nicolae_shop_window_shopping,
          nrook_guardian_serpent_ordinary, uniq_aizul
Snake:3:  layout_gridlike, basic_altar, serial_shops, shop,
          nicolae_snake_linked_coils, serial_bayou_pond_e
Snake:4:  johnstein_snake_rune_scales, layout_cave_town, drop_trap,
          uniq_saint_roka, uniq_bai_suzhen
Orc:1:    layout_diamond_mine, serial_shops, shop_fountains,
          nicolae_orc_pool_cavern, uniq_fannar, uniq_gastronok
Orc:2:    pf_orc_diabolical, layout_diamond_mine, serial_shops,
          nicolae_shop_crystal, shop, nicolae_shop_behind_doors, shop, shop,
          basic_altar, bh_open_orc_temple

Skill      XL: |  1  2  3  4  5  6  7  8  9 10 11 12 13 14 15 16 17 |
---------------+----------------------------------------------------+-----
Bows           | 3 4 6 7 8 11 14 16 17 19 20 | 20.0
Dodging        | 4 6 9 10 11 12 | 12.3
Fire Magic     | 3 4 11 16 17 | 17.8
Hexes          | 5 8 |  8.0
Fighting       | 4 6 7 8 9 10 | 10.2
Armour         | 4 |  4.0
Invocations    | 1 4 7 10 12 | 12.0
Translocations | 3 |  3.0
Spellcasting   | 3 7 |  7.0
Transmutations | 3 5 6 |  6.0

Action                   |  1- 3 |  4- 6 |  7- 9 | 10-12 | 13-15 | 16-18 || total
-------------------------+-------+-------+-------+-------+-------+-------++-------
Melee: Short sword       |    63 |     3 |       |       |       |       ||    66
       Dagger            |       |       |    73 |     1 |     8 |       ||    82
       Longbow           |       |       |       |       |     1 |       ||     1
 Fire: Shortbow          |   132 |   124 |   375 |   288 |       |       ||   919
       Longbow           |       |       |       |   436 |  1393 |   654 ||  2483
Throw: Stone             |     5 |       |       |       |       |       ||     5
       Dart              |       |       |    43 |       |       |       ||    43
 Cast: Slow              |     3 |     3 |    12 |     1 |       |       ||    19
       Cause Fear        |       |       |     3 |     5 |    17 |     4 ||    29
       Inner Flame       |       |       |     2 |     3 |     6 |     4 ||    15
       Portal Projectile |       |       |       |       |     4 |       ||     4
       Apportation       |       |       |       |       |       |    37 ||    37
       Lesser Beckoning  |       |       |       |       |       |     1 ||     1
Invok: Slouch            |       |       |       |       |       |    10 ||    10
Evoke: Wand              |       |       |       |    13 |     6 |       ||    19
  Use: Potion            |     1 |       |     2 |     3 |     8 |     5 ||    19
       Scroll            |       |       |    12 |    14 |    15 |     7 ||    48
Armor: Robe              |    29 |     1 |       |       |       |       ||    30
       Leather armour    |       |     3 |    13 |       |       |       ||    16
       Ring mail         |       |       |    58 |    93 |   113 |       ||   264
       Acid dragon scale |       |       |       |       |    23 |    58 ||    81
Dodge: Dodged            |    79 |    24 |   155 |   474 |   492 |   202 ||  1426
Block: Other             |       |       |       |       |    47 |    36 ||    83
       Reflection        |       |       |       |       |     4 |     4 ||     8

Table legend: (Time is in decaauts)
 A = Elapsed time spent in this place.
 B = Non-inter-level travel time spent in this place.
 C = Inter-level travel time spent in this place.
 D = Time resting spent in this place.
 E = Time spent auto-exploring this place.
 F = Levels seen in this place.
 G = Mean time per level.
                   A        B        C        D        E       F      G
               +--------+--------+--------+--------+--------+-----+--------+
         Total |  56985 |  51766 |   5219 |  10804 |  33339 |  29 | 1965.0 |
       Dungeon |  25409 |  22490 |   2919 |   3226 |  15535 |  15 | 1693.9 |
        Temple |     61 |     33 |     28 |      0 |     27 |   1 |   61.0 |
          Lair |  12695 |  11515 |   1180 |    815 |   9120 |   6 | 2115.8 |
     Snake Pit |  13074 |  12760 |    314 |   5272 |   6181 |   4 | 3268.5 |
  Orcish Mines |   5689 |   4912 |    777 |   1489 |   2470 |   2 | 2844.5 |
         Trove |     56 |     56 |      0 |      0 |      4 |   1 |   56.0 |
               +--------+--------+--------+--------+--------+-----+--------+

Top non-repeatable levels by time:
 Snake:4: 4057 daAuts
   Orc:2: 3791 daAuts
 Snake:2: 3569 daAuts
 Snake:3: 2985 daAuts
  Lair:2: 2880 daAuts
    D:11: 2771 daAuts
     D:2: 2653 daAuts
  Lair:6: 2643 daAuts
    D:12: 2517 daAuts
 Snake:1: 2462 daAuts
    D:14: 2136 daAuts
    D:13: 2094 daAuts
  Lair:5: 1988 daAuts
  Lair:4: 1913 daAuts
   Orc:1: 1897 daAuts
